 Dungeon Sprint DCSS version 0.30.0-29-ga12c61a403 (webtiles) character file.

Game seed: 5464945936519661948

6800000 Revguard the Blood Saint (level 24, -6/227 HPs)
             Began as a Demonspawn Gladiator on June 7, 2023.
             Was the Champion of Makhleb.
             Killed by divine providence
             ... invoked by an accursed
              (14 damage)
             ... in the Dungeon (Sprint VIII: "Arena of Blood").
             The game lasted 00:05:55 (68 turns).

Revguard the Blood Saint (Demonspawn Gladiator)       Turns: 68, Time: 00:05:56

Health: -6/227     AC:  6    Str: 17    XL:     24   Next: 49%
Magic:  13/45      EV: 37    Int:  9    God:    Makhleb [******]
Gold:   0          SH:  0    Dex: 25    Spells: 59/59 levels left

rFire   . . .        l - +∞ Axe of Woe
rCold   . . .        (shield currently unavailable)
rNeg    . . .        b - +0 leather armour
rPois   .            (helmet unavailable)
rElec   .            (cloak unavailable)
rCorr   .            (gloves unavailable)
SInv    .            (no boots)
Will    +....        (no amulet)
Stlth   ++++++++     (no ring)
HPRegen 0.57/turn    (no ring)
MPRegen 0.29/turn

%: no teleportation
@: no status effects
A: horns 3, foul stench 2, demonic magic 3, bedeviling, weakness stinger 3,
demonic touch 3
a: Renounce Religion, Minor Destruction, Lesser Servant of Makhleb, Major
Destruction, Greater Servant of Makhleb


You were in the Dungeon.
You worshipped Makhleb.
Makhleb was exalted by your worship.
You visited 1 branch

Inventory:

Hand Weapons
 a - a +0 war axe
 l - the +∞ Axe of Woe (weapon)
   (You found it in the Dungeon)
Missiles
 d - 3 throwing nets (quivered)
 e - a javelin
Armour
 b - a +0 leather armour (worn)
 c - a +0 helmet
Scrolls
 k - a scroll of blinking
Potions
 f - a potion of curing
 g - a potion of heal wounds
 h - a potion of haste
 i - 2 potions of magic
 j - a potion of berserk rage


   Skills:
 O Level 27 Fighting
 + Level 18.3(21.2) Short Blades
 + Level 18.3(21.2) Long Blades
 O Level 27 Axes
 + Level 18.2(26.6) Maces & Flails
 + Level 18.2(26.7) Polearms
 + Level 18.2(23.6) Staves
 + Level 18.2 Ranged Weapons
 + Level 18.4 Throwing
 O Level 27 Armour
 O Level 27 Dodging
 + Level 19.7 Stealth
 + Level 18.2 Shields
 + Level 18.3 Spellcasting
 + Level 19.7 Conjurations
 + Level 19.9 Hexes
 + Level 19.7 Summonings
 + Level 21.4 Necromancy
 + Level 18.2 Translocations
 + Level 18.3 Transmutations
 + Level 18.2 Fire Magic
 + Level 18.3 Ice Magic
 + Level 18.2 Air Magic
 + Level 18.2 Earth Magic
 + Level 19.7 Poison Magic
 O Level 27 Invocations
 + Level 19.8 Evocations


You had 59 spell levels left.
You didn't know any spells.
Your spell library was empty.

Dungeon Overview and Level Annotations

Branches:
Dungeon (1/1)

Altars:
Makhleb


Innate Abilities, Weirdness & Mutations

You have a pair of large horns on your head.
You sometimes emit foul miasma when damaged in melee.
Spells you cast and wands you use may paralyse nearby enemies.
Your hexes are more powerful.
You have a sharp stinger which inflicts weakening toxins.
Your touch may irresistibly damage your foes and sap their willpower.


Message History

* * * LOW HITPOINT WARNING * * *
The accursed casts a spell at you. Something smites you!
* * * LOW HITPOINT WARNING * * *
The meat berserker is engulfed in blazing flames.
You hear a shout! x2
Your green death hits the accursed.
You hear a shout!
Your balrug gestures at the accursed.
The bolt of fire hits the accursed!!!
The dread calls on the powers of darkness!
The bag of meat convulses! x2; Your body is wracked with pain!
* * * LOW HITPOINT WARNING * * *
The meat berserker convulses!
You hear a shout!
Things that are here:
a +9 heavy great sword; a +200 ring of slaying You hit the bag of meat.
You pulverise the bag of meat into a thin bloody mist.
You kill the bag of meat!
Makhleb accepts your kill.
You feel better.
The dread appears out of thin air!
A dread comes into view.
The meat berserker appears out of thin air!
A meat berserker comes into view. It is wielding a +9 battleaxe.
Your Executioner barely misses the accursed.
Your Executioner hits the accursed. x2
You hear a shout! x3
A meat berserker comes into view. It is wielding a +9 battleaxe.
The bag of meat is engulfed in blazing flames.
The accursed gestures at you while chanting.
Something smites you!
* * * LOW HITPOINT WARNING * * *
The accursed casts a spell at you. Something smites you!
* * * LOW HITPOINT WARNING * * *
A meat beast comes into view.
The accursed gestures at you while chanting.
Something smites you!
You die...

...........2...
.....o#.#......
WM...M........#
........O......
.....M..o......
.....V2.......O
.....M1).......
#....2@)# #....OO§#
..
..###...W.))###...
.......###o○)...§..
.......)_W°§.......
.....#..)))#..O....
.... #_.<)M#...L...
. #....V#......#
....._........o.


You could see 5 accurseds, a meat beast (fast, distracted), a tyrant, 2
destroyers, 3 dreads, 5 meat berserkers, 3 bags of meat, a friendly balrug
(summoned), a friendly green death (summoned) and a friendly Executioner
(summoned).

Vanquished Creatures
  Harold (D)
  6 vampire knights (D)
  22 ogres (D)
  4 two-headed ogres (D)
  39 orcs (D)
  6 skeletal warriors (D)
78 creatures vanquished.

Notes
Turn   | Place    | Note
-------+----------+-------------------------------------------
     0 | D        | Found the +∞ Axe of Woe
     0 | D        | Revguard the Demonspawn Gladiator began the quest for the
                  | Orb.
     0 | D        | Reached XP level 1. HP: 16/16 MP: 1/1
     1 | D        | Noticed a meat berserker
     1 | D        | Noticed a bag of meat
     1 | D        | Noticed a bag of meat
     3 | D        | Became a worshipper of Makhleb the Destroyer
     4 | D        | Noticed a bag of meat
     5 | D        | Noticed a bag of meat
     5 | D        | Noticed a bag of meat
     7 | D        | Killed a meat berserker
     7 | D        | Noticed a bag of meat
     7 | D        | Noticed a meat berserker
     8 | D        | Gained mutation: You may rarely emit foul miasma when
                  | damaged in melee. [demonic ancestry]
     8 | D        | Reached XP level 2. HP: 41/41 MP: 1/11
     8 | D        | Reached XP level 3. HP: 47/47 MP: 1/13
     8 | D        | Reached XP level 4. HP: 54/54 MP: 1/14
     8 | D        | Gained mutation: You sometimes emit foul miasma when
                  | damaged in melee. [demonic ancestry]
     8 | D        | Reached XP level 5. HP: 60/60 MP: 1/16
     8 | D        | Reached XP level 6. HP: 67/67 MP: 1/17
     8 | D        | Discovered your monstrous ancestry.
     8 | D        | Gained mutation: Your touch may inflict minor irresistible
                  | damage on your foes. [demonic ancestry]
     8 | D        | Reached XP level 7. HP: 73/73 MP: 1/19
     8 | D        | Gained mutation: You have a small tail. [demonic ancestry]
     8 | D        | Reached XP level 8. HP: 80/80 MP: 1/20
     8 | D        | Gained mutation: You have a pair of small horns on your
                  | head. [demonic ancestry]
     8 | D        | Reached XP level 9. HP: 86/86 MP: 1/21
     8 | D        | Gained mutation: Spells you cast may paralyse adjacent
                  | enemies. [demonic ancestry]
     8 | D        | Reached XP level 10. HP: 93/93 MP: 1/22
     8 | D        | Gained mutation: Spells you cast may paralyse nearby
                  | enemies. [demonic ancestry]
     8 | D        | Reached XP level 11. HP: 99/99 MP: 1/23
     9 | D        | Killed a bag of meat
     9 | D        | Reached * piety under Makhleb
     9 | D        | Noticed a bag of meat
    10 | D        | Reached skill level 15 in Fighting
    10 | D        | Gained mutation: You have a tail ending in a sharp stinger.
                  | [demonic ancestry]
    10 | D        | Reached XP level 12. HP: 109/109 MP: 1/25
    10 | D        | Killed a bag of meat
    10 | D        | Noticed a bag of meat
    11 | D        | Gained mutation: Your touch may inflict irresistible damage
                  | on your foes. [demonic ancestry]
    11 | D        | Reached XP level 13. HP: 103/117 MP: 1/27
    11 | D        | Killed a meat berserker
    11 | D        | Killed a bag of meat
    11 | D        | Reached ** piety under Makhleb
    11 | D        | Killed a bag of meat
    12 | D        | Gained mutation: Your touch may irresistibly damage your
                  | foes and sap their willpower. [demonic ancestry]
    12 | D        | Reached XP level 14. HP: 116/131 MP: 1/29
    12 | D        | Noticed a bag of meat
    13 | D        | Killed a bag of meat
    13 | D        | Killed a bag of meat
    13 | D        | Reached *** piety under Makhleb
    13 | D        | Noticed a meat berserker
    13 | D        | Noticed a bag of meat
    14 | D        | Noticed a meat berserker
    14 | D        | Noticed a meat berserker
    14 | D        | Noticed a bag of meat
    14 | D        | Noticed a bag of meat
    14 | D        | Noticed a bag of meat
    14 | D        | Noticed a bag of meat
    15 | D        | Killed a bag of meat
    15 | D        | Noticed a bag of meat
    15 | D        | Noticed a bag of meat
    15 | D        | Noticed a bag of meat
    15 | D        | Noticed a bag of meat
    15 | D        | Noticed a bag of meat
    16 | D        | Gained mutation: You have a pair of horns on your head.
                  | [demonic ancestry]
    16 | D        | Reached XP level 15. HP: 141/141 MP: 2/31
    16 | D        | Noticed a meat berserker
    16 | D        | Reached **** piety under Makhleb
    16 | D        | Noticed a meat berserker
    18 | D        | Killed a meat berserker
    18 | D        | Killed a meat berserker
    19 | D        | Reached skill level 27 in Invocations
    19 | D        | Reached XP level 16. HP: 157/157 MP: 3/33
    19 | D        | Killed a meat berserker
    21 | D        | Reached ***** piety under Makhleb
    23 | D        | Killed a meat berserker
    24 | D        | Gained mutation: Your hexes are more powerful. [demonic
                  | ancestry]
    24 | D        | Reached XP level 17. HP: 173/173 MP: 4/34
    24 | D        | Noticed a destroyer
    25 | D        | Reached skill level 27 in Fighting
    26 | D        | Killed a meat berserker
    26 | D        | Reached ****** piety under Makhleb
    27 | D        | Reached skill level 27 in Axes
    27 | D        | Reached skill level 27 in Armour
    27 | D        | Reached skill level 27 in Dodging
    27 | D        | Gained mutation: You have a sharp stinger which inflicts
                  | weakening toxins. [demonic ancestry]
    27 | D        | Reached XP level 18. HP: 182/182 MP: 4/35
    29 | D        | Reached skill level 5 in Stealth
    29 | D        | Reached skill level 5 in Conjurations
    29 | D        | Reached skill level 5 in Hexes
    29 | D        | Reached skill level 5 in Summonings
    29 | D        | Reached skill level 5 in Necromancy
    29 | D        | Killed a destroyer
    30 | D        | Reached skill level 5 in Short Blades
    30 | D        | Reached skill level 5 in Long Blades
    30 | D        | Reached skill level 5 in Maces & Flails
    30 | D        | Reached skill level 5 in Polearms
    30 | D        | Reached skill level 5 in Staves
    30 | D        | Reached skill level 5 in Ranged Weapons
    30 | D        | Reached skill level 5 in Shields
    30 | D        | Reached skill level 5 in Spellcasting
    30 | D        | Reached skill level 5 in Translocations
    30 | D        | Reached skill level 5 in Transmutations
    30 | D        | Reached skill level 5 in Fire Magic
    30 | D        | Reached skill level 5 in Ice Magic
    30 | D        | Reached skill level 5 in Air Magic
    30 | D        | Reached skill level 5 in Earth Magic
    30 | D        | Noticed a destroyer
    31 | D        | Noticed The Servant
    32 | D        | Reached XP level 19. HP: 189/189 MP: 5/36
    33 | D        | Noticed a meat berserker
    34 | D        | Noticed a meat berserker
    35 | D        | Noticed a large bag of meat
    37 | D        | Noticed a meat berserker
    37 | D        | Killed a meat berserker
    37 | D        | Noticed a meat berserker
    37 | D        | Noticed a destroyer
    39 | D        | Killed The Servant
    40 | D        | Reached skill level 10 in Necromancy
    40 | D        | Killed a meat berserker
    41 | D        | Noticed a meat berserker
    41 | D        | Noticed a meat berserker
    42 | D        | Noticed a destroyer
    42 | D        | Noticed a destroyer
    43 | D        | Reached skill level 10 in Stealth
    43 | D        | Reached skill level 10 in Conjurations
    43 | D        | Reached skill level 10 in Hexes
    43 | D        | Reached skill level 10 in Summonings
    43 | D        | Reached skill level 10 in Poison Magic
    43 | D        | Reached skill level 10 in Evocations
    43 | D        | Reached XP level 20. HP: 156/197 MP: 8/37
    43 | D        | Noticed a meat berserker
    43 | D        | Noticed a meat berserker
    43 | D        | Noticed a destroyer
    44 | D        | Killed a destroyer
    44 | D        | Noticed a meat berserker
    45 | D        | Reached skill level 10 in Short Blades
    45 | D        | Reached skill level 10 in Long Blades
    45 | D        | Reached skill level 10 in Maces & Flails
    45 | D        | Reached skill level 10 in Polearms
    45 | D        | Reached skill level 10 in Staves
    45 | D        | Reached skill level 10 in Ranged Weapons
    45 | D        | Reached skill level 10 in Throwing
    45 | D        | Reached skill level 10 in Shields
    45 | D        | Reached skill level 10 in Spellcasting
    45 | D        | Reached skill level 10 in Translocations
    45 | D        | Reached skill level 10 in Transmutations
    45 | D        | Reached skill level 10 in Fire Magic
    45 | D        | Reached skill level 10 in Ice Magic
    45 | D        | Reached skill level 10 in Air Magic
    45 | D        | Reached skill level 10 in Earth Magic
    45 | D        | Killed a large bag of meat
    45 | D        | Killed a meat berserker
    46 | D        | Killed a destroyer
    46 | D        | Noticed a meat berserker
    47 | D        | Gained mutation: You have a pair of large horns on your
                  | head. [demonic ancestry]
    47 | D        | Reached XP level 21. HP: 194/204 MP: 8/38
    48 | D        | Reached skill level 15 in Necromancy
    48 | D        | Noticed an accursed
    48 | D        | Noticed a large bag of meat
    48 | D        | Noticed a large bag of meat
    49 | D        | Noticed a large bag of meat
    51 | D        | Reached skill level 15 in Hexes
    51 | D        | Gained mutation: Spells you cast and wands you use may
                  | paralyse nearby enemies. [demonic ancestry]
    51 | D        | Reached XP level 22. HP: 146/212 MP: 9/39
    52 | D        | Reached skill level 15 in Stealth
    52 | D        | Reached skill level 15 in Conjurations
    52 | D        | Reached skill level 15 in Summonings
    52 | D        | Reached skill level 15 in Poison Magic
    52 | D        | Reached skill level 15 in Evocations
    54 | D        | Reached skill level 15 in Short Blades
    54 | D        | Reached skill level 15 in Staves
    54 | D        | Reached skill level 15 in Throwing
    54 | D        | Reached skill level 15 in Spellcasting
    54 | D        | Killed a destroyer
    55 | D        | Reached skill level 15 in Long Blades
    55 | D        | Reached skill level 15 in Maces & Flails
    55 | D        | Reached skill level 15 in Polearms
    55 | D        | Reached skill level 15 in Ranged Weapons
    55 | D        | Reached skill level 15 in Shields
    55 | D        | Reached skill level 15 in Translocations
    55 | D        | Reached skill level 15 in Transmutations
    55 | D        | Reached skill level 15 in Fire Magic
    55 | D        | Reached skill level 15 in Ice Magic
    55 | D        | Reached skill level 15 in Air Magic
    55 | D        | Reached skill level 15 in Earth Magic
    55 | D        | Reached XP level 23. HP: 199/219 MP: 10/42
    58 | D        | Killed a large bag of meat
    58 | D        | Killed a large bag of meat
    58 | D        | Noticed a destroyer
    58 | D        | Noticed an accursed
    59 | D        | Noticed a destroyer
    61 | D        | Noticed a dread
    62 | D        | Killed a destroyer
    63 | D        | Reached XP level 24. HP: 51/227 MP: 12/44
    64 | D        | Noticed an accursed
    64 | D        | Noticed an accursed
    65 | D        | Killed a large bag of meat
    65 | D        | Killed a destroyer
    66 | D        | Noticed an accursed
    67 | D        | Noticed a dread
    67 | D        | Noticed a tyrant
    68 | D        | HP: 8/227 [accursed/divine providence (10)]
    68 | D        | Noticed a meat beast
    68 | D        | Killed from afar by an accursed

Illustrated notes

Levels and vault maps discovered:
D:        meatsprint

Skill      XL: |  1  2  3  4  5  6  7  8  9 10 11 12 13 14 15 16 17 18 19 20 21 22 23 24 |
---------------+-------------------------------------------------------------------------+-----
Fighting       | 13 15 18 20 23 26 27 | 27.0
Axes           | 12 14 17 18 21 24 27 | 27.0
Armour         | 12 13 14 17 18 21 24 27 | 27.0
Dodging        | 12 14 17 18 21 24 27 | 27.0
Invocations    | 17 18 20 23 25 27 | 27.0
Short Blades   | 2 6 9 11 13 15 17 18 | 18.3
Long Blades    | 2 6 9 11 13 15 17 18 | 18.3
Maces & Flails | 2 6 9 11 13 15 17 18 | 18.2
Polearms       | 2 6 9 11 13 15 17 18 | 18.2
Staves         | 2 6 9 11 13 15 17 18 | 18.2
Ranged Weapons | 2 6 9 11 13 15 17 18 | 18.2
Throwing       | 3 6 9 11 13 15 17 18 | 18.4
Stealth        | 3 7 10 12 14 17 19 | 19.7
Shields        | 2 6 9 11 13 15 17 18 | 18.2
Spellcasting   | 2 6 9 11 13 15 17 18 | 18.3
Conjurations   | 3 7 10 12 14 16 19 | 19.7
Hexes          | 3 7 10 12 15 17 19 | 19.9
Summonings     | 3 7 10 12 14 16 19 | 19.7
Necromancy     | 3 7 11 13 16 18 20 21 | 21.4
Translocations | 2 6 9 11 13 15 17 18 | 18.2
Transmutations | 2 6 9 11 13 15 17 18 | 18.3
Fire Magic     | 2 6 9 11 13 15 17 18 | 18.2
Ice Magic      | 2 6 9 11 13 15 17 18 | 18.3
Air Magic      | 2 6 9 11 13 15 17 18 | 18.2
Earth Magic    | 2 6 9 11 13 15 17 18 | 18.2
Poison Magic   | 3 7 10 12 14 17 19 | 19.7
Evocations     | 3 7 10 12 14 17 19 | 19.8

Action                     |  1- 3 |  4- 6 |  7- 9 | 10-12 | 13-15 | 16-18 | 19-21 | 22-24 || total
---------------------------+-------+-------+-------+-------+-------+-------+-------+-------++-------
  Melee: Executioner's axe |     1 |       |       |     2 |     5 |    10 |    12 |    13 ||    43
 Invoke: Greater Servant o |       |       |       |       |       |       |     2 |     3 ||     5
  Dodge: Dodged            |       |       |       |       |       |       |     1 |     3 ||     4
